 Dungeon Crawl Stone Soup version 0.30.0 (webtiles) character file.

Game seed: 7700879767820687279

138 Ayyar the Sneak (level 5, -6/24 HPs)
             Began as a Spriggan Enchanter on May 16, 2023.
             Mangled by an ogre
             ... wielding a +0 giant spiked club
              (30 damage)
             ... on level 4 of the Dungeon on May 17, 2023.
             The game lasted 00:12:51 (3061 turns).

Ayyar the Sneak (Spriggan Enchanter)                Turns: 3061, Time: 00:12:51

Health: -6/24      AC:  4    Str:  4    XL:     5   Next: 1%
Magic:  11/11      EV: 18    Int: 19    God:
Gold:   233        SH:  0    Dex: 15    Spells: 11/11 levels left

rFire   . . .        a - +1 dagger
rCold   . . .        (no shield)
rNeg    . . .        b - +0 robe
rPois   .            (helmet restricted)
rElec   .            l - +1 cloak {rCorr}
rCorr   +            (gloves unavailable)
SInv    +            (boots unavailable)
Will    .....        (no amulet)
Stlth   +++          (no ring)
HPRegen 0.24/turn    (no ring)
MPRegen 0.12/turn

%: no passive effects
@: very quick
A: very small, no large weapons, unfitting armour, see invisible, speed 3
a: no special abilities


You were on level 4 of the Dungeon.
You visited 1 branch of the dungeon, and saw 4 of its levels.

You collected 233 gold pieces.

Inventory:

Hand Weapons
 a - a +1 dagger (weapon)
 k - a +0 dagger of holy wrath
 m - a +0 rapier
Missiles
 j - 3 poisoned darts (quivered)
Armour
 b - a +0 robe (worn)
 l - a +1 cloak of preservation (worn)
Jewellery
 i - an amulet of faith
Scrolls
 d - 2 scrolls of blinking {unknown}
 e - 3 scrolls of identify {unknown}
 g - 2 scrolls of teleportation {unknown}
 h - a scroll of acquirement {unknown}
 n - a scroll of enchant weapon {unknown}
 o - a scroll of poison {unknown}
 p - a scroll of magic mapping {unknown}
 q - a scroll of amnesia {unknown}
Potions
 c - 3 potions of invisibility
 f - a potion of ambrosia {unknown}
 r - a potion of resistance {unknown}


   Skills:
 + Level 2.4 Short Blades
 + Level 3.7 Dodging
 + Level 5.6 Stealth
 + Level 3.7 Spellcasting
 + Level 4.5 Hexes


You had 11 spell levels left.
You didn't know any spells.
Your spell library contained the following spells:

 Spells                   Type           Power      Damage    Failure   Level
 Confusing Touch          Hex            20%        N/A       7%          3
 Tukima's Dance           Hex            20%        N/A       7%          3
 Ensorcelled Hibernation  Hex/Ice        24%        N/A       9%          2
 Dazzling Flash           Conj/Hex       24%        N/A       17%         3
 Portal Projectile        Hex/Tloc       24%        N/A       17%         3
 Blade Hands              Tmut           1%         N/A       98%         5


Dungeon Overview and Level Annotations

Branches:
Dungeon (4/15)
 Temple: D:4-7

Altars:
Cheibriados


Innate Abilities, Weirdness & Mutations

You are very small and have problems with some larger weapons.
You are too small for most types of armour.
You have supernaturally acute eyesight. (SInv)
You cover ground extremely quickly. (Speed+++)


Message History

The ufetubus is severely wounded.
The ufetubus hits you. The ufetubus misses you.
You closely miss the ufetubus.
The ufetubus is severely wounded.
The ufetubus closely misses you. The ufetubus misses you.
You miss the ufetubus.
The ufetubus is severely wounded.
The ufetubus barely misses you.
The ufetubus hits you but does no damage.
You hit the ufetubus but do no damage.
The ufetubus is severely wounded.
The ufetubus completely misses you. The ufetubus hits you.
The ufetubus misses you. The ufetubus closely misses you.
You hit the ufetubus.
You kill the ufetubus!
You have reached level 5!
You feel clever.
HP restored.
An ogre comes into view. It is wielding a +0 giant spiked club.
The ogre closely misses you.
You hit the ogre.
The ogre is lightly wounded.
You hit the ogre.
The ogre is moderately wounded.
The ogre barely misses you.
You hit the ogre but do no damage.
The ogre is moderately wounded.
You hit the ogre but do no damage.
The ogre is moderately wounded.
The ogre barely misses you.
You hit the ogre.
The ogre is moderately wounded.
The ogre barely misses you.
You hit the ogre.
The ogre is moderately wounded.
You hit the ogre.
The ogre is heavily wounded.
The ogre hits you with a +0 giant spiked club!!
Ouch! That really hurt!
You die...

#..........##.#..##.#.
#.....)..####.#.......
+........# #.#.##.###
#########........# #.#..#.#
.........#.######## #.#..#.#
###..###.#.##.....# #.##.#.#
.........#........# #......#
###..###.####.##########.#####
... #.####@.....?.......... .
#....#O.########.#####.
####.#.... #....##. #.######
####.... #.####.# #####
#......# ######.# #######.#
.......<#


You could see an ogre.

Vanquished Creatures
  2 orc wizards (D:3)
  An adder (D:3)
  An ufetubus (D:4)
  2 worms
  3 dart slugs
  4 orcs
  8 endoplasms
  6 giant cockroaches
  5 goblins
  7 hobgoblins
  4 jackals (D:3)
  A quokka (D:3)
  8 ball pythons
  3 bats
  2 frilled lizards (D:1)
  3 kobolds
  4 rats
  A toadstool (D:1)
65 creatures vanquished.

Vanquished Creatures (others)
  2 toadstools (D:1)
2 creatures vanquished.

Grand Total: 67 creatures vanquished

Notes
Turn   | Place    | Note
-------+----------+-------------------------------------------
     0 | D:1      | Ayyar the Spriggan Enchanter began the quest for the Orb.
     0 | D:1      | Reached XP level 1. HP: 9/9 MP: 5/5
   282 | D:1      | Reached XP level 2. HP: 11/13 MP: 6/6
  1079 | D:2      | Reached XP level 3. HP: 16/16 MP: 8/8
  1531 | D:2      | Reached skill level 5 in Stealth
  2017 | D:3      | Found a snail-covered altar of Cheibriados.
  2378 | D:3      | Reached XP level 4. HP: 6/21 MP: 8/10
  2943 | D:4      | Reached XP level 5. HP: 15/24 MP: 11/11
  2991 | D:4      | Noticed an ogre
  3061 | D:4      | Mangled by an ogre

Illustrated notes

Levels and vault maps discovered:
D:1:      dpeg_chamrin_arrival_tetris, layout_basic, minmay_gold_behind_fungi
D:2:      layout_basic, hex_intersection
D:3:      layout_basic, slow_altar_2, minivault_19
D:4:      layout_basic

Skill      XL: |  1  2  3 |
---------------+----------+-----
Dodging        | 3 |  3.7
Spellcasting   | 3 |  3.7
Hexes          | 4 |  4.5
Stealth        | 5 |  5.6
Short Blades   | 2 |  2.4

Action                     |  1- 3 |  4- 6 || total
---------------------------+-------+-------++-------
  Melee: Dagger            |   207 |    90 ||   297
  Throw: Dart              |     9 |     3 ||    12
   Stab: Sleeping          |    14 |     4 ||    18
 Armour: Robe              |    17 |    15 ||    32
  Dodge: Dodged            |   113 |    74 ||   187
